 Dungeon Crawl Stone Soup version 0.21-a0-329-g12f17e1 (webtiles) character file.

95 nikopol the Skirmisher (level 4, -9/43 HPs)
             Began as a Gargoyle Berserker on Oct 1, 2017.
             Was a Priest of Trog.
             Mangled by a crocodile (16 damage)
             ... in a sewer.
             The game lasted 00:03:26 (1740 turns).

nikopol the Skirmisher (Gargoyle Berserker)         Turns: 1740, Time: 00:03:27

Health: -9/43      AC:  6    Str: 25    XL:     4   Next: 66%
Magic:  4/4        EV: 12    Int:  8    God:    Trog [***...]
Gold:   61         SH:  0    Dex: 10    Spells: 3/3 levels left

rFire    . . .     SeeInvis .   a - +0 mace
rCold    . . .     Gourm    .   (no shield)
rNeg     + . .     Faith    .   b - +0 animal skin
rPois    ∞         Spirit   .   (no helmet)
rElec    +         Reflect  .   (no cloak)
rCorr    .         Harm     .   j - +0 pair of gloves
MR       .....                  (no boots)
Stlth    ..........             (no amulet)
HPRegen  0.14/turn              (no ring)
MPRegen  0.09/turn              (no ring)

@: berserking, very quick
A: negative energy resistance 1, electricity resistance, unbreathing,
petrification resistance, rot immunity, AC +3
a: Berserk, Trog's Hand, Burn Spellbooks, Renounce Religion


You were in a sewer.
You worshipped Trog.
Trog was most pleased with you.
You were hungry.

You visited 1 branch of the dungeon, and saw 3 of its levels.
You also visited: Sewer.

You collected 61 gold pieces.

Inventory:

Hand Weapons
 a - a +0 mace (weapon)
Missiles
 n - 33 arrows
Armour
 b - a +0 animal skin (worn)
 j - a +0 pair of gloves (worn)
Scrolls
 d - a scroll of recharging
 m - 2 scrolls of identify
Potions
 e - a potion of curing {unknown}
 f - 2 potions of brilliance
 g - a potion of magic {unknown}
 h - a potion of flight {unknown}
 i - 2 potions of mutation {unknown}
Comestibles
 c - 2 bread rations
 k - a royal jelly
 l - 4 chunks of flesh


   Skills:
 + Level 4.2 Fighting
 + Level 4.2 Maces & Flails
 + Level 2.3 Armour
 + Level 2.1 Dodging
 + Level 0.1 Stealth


You had 3 spell levels left.
You didn't know any spells.

Dungeon Overview and Level Annotations

Branches:
Dungeon (3/15)

Altars:


Innate Abilities, Weirdness & Mutations

You are resistant to torment.
Your stone body is resilient. (AC +3)
You are immune to poison.
You resist negative energy. (rN+)
You are resistant to electric shocks. (rElec)
You can survive without breathing.
You are immune to petrification.
You are immune to rotting.


Message History

The crocodile bites you!
You are too injured to fight recklessly!
A red film seems to cover your vision as you go berserk!
You feel yourself moving faster!
You feel mighty!
You are feeling hungry.
The crocodile barely misses you.
You barely miss the crocodile.
The crocodile is moderately wounded.
The crocodile misses you.
You closely miss the crocodile.
The crocodile is moderately wounded.
The crocodile completely misses you.
You closely miss the crocodile.
The crocodile is moderately wounded.
The crocodile bites you!
* * * LOW HITPOINT WARNING * * *
You barely miss the crocodile.
The crocodile is moderately wounded.
The crocodile bites you!
You die...

######## ###.≈....###
###..........###
#!.##.@..≈####.....###
#.≈t≈.### ###.....##
#..≈≈.≈## ##≈≈..≈≈
###..≈.. #...≈.##
:.##.... #≈≈≈..### #$(
###... ≈.≈..### ##
##....≈.## ######


You could see a crocodile.

Vanquished Creatures
  3 adders
  An ooze (D:2)
  A dart slug (D:1)
  A leopard gecko (D:3)
  4 giant cockroaches
  9 goblins
  6 hobgoblins
  6 jackals
  11 kobolds
  A ball python (D:2)
  4 bats (D:2)
  3 frilled lizards
  7 rats
57 creatures vanquished.

Notes
Turn   | Place    | Note
-------+----------+-------------------------------------------
     0 | D:1      | nikopol the Gargoyle Berserker began the quest for the Orb.
     0 | D:1      | Reached XP level 1. HP: 14/14 MP: 1/1
    50 | D:1      | Reached XP level 2. HP: 17/19 MP: 2/2
   372 | D:1      | Reached XP level 3. HP: 24/24 MP: 3/3
   429 | D:1      | Reached ** piety under Trog
   912 | D:2      | Found a faded altar of an unknown god.
  1202 | D:2      | Reached XP level 4. HP: 26/29 MP: 4/4
  1520 | D:3      | Found a glowing drain.
  1531 | Sewer    | Entered a sewer
  1672 | Sewer    | Reached *** piety under Trog
  1729 | Sewer    | Noticed a crocodile
  1740 | Sewer    | Mangled by a crocodile

Vault maps used:
D:1:      elethiomel_arrival_infinity_welcomes_careful_drivers
D:2:      chequers_ecumenical_altar_simple, serial_glass, glass_columns_b,
          glass_columns_a, glass_columns_b, glass_columns_a,
          due_unseen_surprise, minmay_strange_pillars, first_bread
D:3:      lemuel_crystal_altar, portal_sewer_entry_d, uniq_grinder,
          uniq_crazy_yiuf_cottage
Sewer:    sewer_the_crocodile

Skill      XL: |  1  2  3  4 |
---------------+-------------+-----
Dodging        | 2 |  2.1
Fighting       | 4 |  4.2
Maces & Flails | 4 |  4.2
Armour         | |  2.3
Stealth        | |  0.1

Action                   |  1- 3 |  4- 6 || total
-------------------------+-------+-------++-------
Melee: Mace              |   132 |    56 ||   188
Invok: Berserk           |       |     1 ||     1
  Use: Scroll            |       |     3 ||     3
  Eat: Chunk             |     1 |     2 ||     3
Armor: Animal skin       |    66 |    29 ||    95
Dodge: Dodged            |   110 |    50 ||   160

Table legend:
 A = Spawn XP
 B = Non-spawn XP
 C = Spawn XP percentage of total XP
 D = Spawn monster count
 E = Non-spawn monster count
 F = Spawn count percentage of total count
 G = Total turns spent on level
                    A         B        C        D         E        F      G
               +---------+---------+-------+---------+---------+-------+---------
         Total |       0 |     137 |   0.0 |       0 |      57 |   0.0 |  1740
               +---------+---------+-------+---------+---------+-------+---------
           D:1 |       0 |      37 |   0.0 |       0 |      21 |   0.0 |   772
           D:2 |       0 |      58 |   0.0 |       0 |      26 |   0.0 |   644
           D:3 |       0 |      33 |   0.0 |       0 |       5 |   0.0 |   115
         Sewer |       0 |       9 |   0.0 |       0 |       5 |   0.0 |   209
               +---------+---------+-------+---------+---------+-------+---------
